[ AOE2 MATCH · #505905014 ]
UnrankedTeutons vs Gurjaras
Player's team · LOSS
Rival team · WIN
[ REPLAY ANALYSIS · EXTRACTED FROM THE RECORDED GAME ]
Feudal
9:22
Castle
—
Imperial
—
| APM avg | 89.7 |
| APM peak | 170 |
| eAPM avg | 32.9 |
| Villagers / military | 82 / 64 |
Focus
⚔️ 37.1% · 🌾 62.9%
Scout Cavalry ×38 · Spearman ×20 · Militia ×6
Feudal
9:16
Castle
27:37
Imperial
—
| APM avg | 69.7 |
| APM peak | 96 |
| eAPM avg | 37.6 |
| Villagers / military | 172 / 62 |
Focus
⚔️ 35.0% · 🌾 65.0%
Camel Scout ×21 · Spearman ×17 · Skirmisher ×15 · Archer ×6 · Armored Elephant ×3
Match map
Initial resources + every placement click. Lines = walls · curves = elevation contours. ◆ gold · ⬟ stone · ● berries · ✦ relic · ◌ wall gap
Your base· Open — unwalled flank
LE | WilliamS's base· Open — unwalled flank
Smoothed initial terrain · ◌ = detected wall gap · hover for details
Inputs per minute
— jsemosoom - - LE | WilliamS
Build order — jsemosoom
First 150 of 252 actions detected
| 0:00 | Create | Villager (Male) |
| 0:01 | Create | Villager (Male) |
| 0:01 | Create | Villager (Male) |
| 0:02 | Build | House |
| 0:03 | Build | House |
| 0:15 | Create | Villager (Male) |
| 1:23 | Create | Villager (Male) |
| 1:23 | Create | Villager (Male) |
| 1:49 | Create | Villager (Male) |
| 1:54 | Build | Lumber Camp |
| 2:17 | Create | Villager (Male) |
| 2:18 | Create | Villager (Male) |
| 2:45 | Create | Villager (Male) |
| 3:06 | Build | House |
| 3:10 | Create | Villager (Male) |
| 3:10 | Create | Villager (Male) |
| 3:26 | Create | Villager (Male) |
| 3:50 | Create | Villager (Male) |
| 4:23 | Create | Villager (Male) |
| 4:38 | Build | Mill |
| 4:47 | Create | Villager (Male) |
| 5:18 | Create | Villager (Male) |
| 5:58 | Create | Villager (Male) |
| 6:01 | Build | House |
| 6:25 | Create | Villager (Male) |
| 6:43 | Build | Palisade Wall |
| 6:50 | Build | Barracks |
| 7:12 | Research | Feudal Age |
| 7:12 | Research | Feudal Age |
| 7:33 | Create | Militia |
| 7:50 | Create | Militia |
| 7:50 | Create | Militia |
| 8:00 | Create | Militia |
| 8:08 | Build | Mining Camp |
| 8:15 | Create | Militia |
| 8:40 | Build | House |
| 8:56 | Create | Villager (Male) |
| 9:22 | Age | Feudal Age |
| 9:26 | Research | Man-at-Arms (upgrade) |
| 9:26 | Research | Man-at-Arms (upgrade) |
| 9:48 | Create | Villager (Male) |
| 9:59 | Build | Mill |
| 10:05 | Build | House |
| 10:09 | Create | Villager (Male) |
| 10:31 | Build | Watch Tower |
| 10:32 | Create | Villager (Male) |
| 10:34 | Research | Arson |
| 10:35 | Research | Arson |
| 10:38 | Create | Villager (Male) |
| 10:40 | Create | Villager (Male) |
| 10:47 | Research | Double-Bit Axe |
| 10:56 | Build | Farm |
| 10:58 | Build | Farm |
| 11:01 | Research | Loom |
| 11:13 | Create | Militia |
| 11:16 | Create | Villager (Male) |
| 11:29 | Build | Mining Camp |
| 11:50 | Create | Villager (Male) |
| 11:51 | Build | Farm |
| 11:59 | Build | House |
| 12:11 | Build | Farm |
| 12:12 | Create | Villager (Male) |
| 12:12 | Create | Villager (Male) |
| 12:33 | Create | Villager (Male) |
| 12:43 | Build | Watch Tower |
| 12:53 | Create | Villager (Male) |
| 13:05 | Create | Villager (Male) |
| 13:22 | Create | Villager (Male) |
| 13:38 | Build | Farm |
| 13:39 | Create | Villager (Male) |
| 13:41 | Build | Farm |
| 13:53 | Build | Farm |
| 13:56 | Create | Villager (Male) |
| 14:09 | Create | Villager (Male) |
| 14:12 | Build | Farm |
| 14:22 | Build | Palisade Gate |
| 14:30 | Create | Villager (Male) |
| 14:40 | Create | Villager (Male) |
| 15:15 | Create | Villager (Male) |
| 15:38 | Build | Stable |
| 15:59 | Create | Villager (Male) |
| 16:31 | Create | Villager (Male) |
| 16:38 | Build | Watch Tower |
| 16:46 | Create | Scout Cavalry |
| 17:07 | Create | Villager (Male) |
| 17:19 | Create | Scout Cavalry |
| 17:21 | Build | Blacksmith |
| 17:23 | Build | House |
| 17:25 | Create | Villager (Male) |
| 17:27 | Build | Farm |
| 17:28 | Build | Farm |
| 17:44 | Create | Scout Cavalry |
| 17:48 | Build | Watch Tower |
| 17:54 | Create | Villager (Male) |
| 18:01 | Create | Scout Cavalry |
| 18:07 | Build | Farm |
| 18:07 | Build | Farm |
| 18:09 | Research | Scale Barding Armor |
| 18:13 | Create | Spearman |
| 18:17 | Build | House |
| 18:17 | Build | House |
| 18:37 | Create | Villager (Male) |
| 18:50 | Create | Scout Cavalry |
| 18:51 | Create | Villager (Male) |
| 19:09 | Build | Watch Tower |
| 19:11 | Create | Villager (Male) |
| 19:24 | Create | Villager (Male) |
| 19:26 | Build | Farm |
| 19:26 | Build | Farm |
| 19:40 | Create | Scout Cavalry |
| 19:51 | Build | Farm |
| 20:00 | Build | Watch Tower |
| 20:07 | Create | Scout Cavalry |
| 20:13 | Create | Villager (Male) |
| 20:18 | Build | House |
| 20:21 | Build | Watch Tower |
| 20:38 | Create | Scout Cavalry |
| 20:40 | Create | Villager (Male) |
| 20:48 | Create | Spearman |
| 20:51 | Create | Villager (Male) |
| 20:51 | Build | Farm |
| 20:53 | Build | Farm |
| 20:53 | Build | Farm |
| 20:57 | Build | House |
| 20:57 | Build | House |
| 21:13 | Build | Watch Tower |
| 21:20 | Create | Villager (Male) |
| 21:22 | Build | House |
| 21:32 | Create | Scout Cavalry |
| 21:39 | Create | Villager (Male) |
| 21:45 | Build | Watch Tower |
| 21:53 | Create | Scout Cavalry |
| 22:02 | Build | Farm |
| 22:02 | Build | Farm |
| 22:03 | Research | Horse Collar |
| 22:09 | Create | Scout Cavalry |
| 22:15 | Build | House |
| 22:16 | Build | House |
| 22:24 | Build | House |
| 22:24 | Build | House |
| 22:47 | Create | Villager (Male) |
| 22:50 | Create | Villager (Male) |
| 23:00 | Create | Villager (Male) |
| 23:11 | Build | Palisade Wall |
| 23:13 | Build | Palisade Wall |
| 23:19 | Create | Villager (Male) |
| 23:19 | Build | Farm |
| 23:20 | Build | Farm |
| 23:20 | Build | Farm |
| 23:21 | Build | Farm |
Build order — LE | WilliamS
First 150 of 326 actions detected
| 0:00 | Create | Villager (Male) |
| 0:01 | Create | Villager (Male) |
| 0:02 | Build | House |
| 0:03 | Build | House |
| 0:05 | Create | Villager (Male) |
| 0:08 | Create | Villager (Male) |
| 0:48 | Build | Mill |
| 0:56 | Research | Loom |
| 1:34 | Create | Villager (Male) |
| 1:52 | Create | Villager (Male) |
| 1:52 | Create | Villager (Male) |
| 2:09 | Create | Villager (Male) |
| 2:34 | Create | Villager (Male) |
| 2:34 | Create | Villager (Male) |
| 3:07 | Create | Villager (Male) |
| 3:08 | Create | Villager (Male) |
| 3:15 | Create | Villager (Male) |
| 3:15 | Create | Villager (Male) |
| 3:40 | Create | Villager (Male) |
| 3:51 | Build | House |
| 4:01 | Create | Villager (Male) |
| 4:01 | Create | Villager (Male) |
| 4:11 | Create | Villager (Male) |
| 4:11 | Create | Villager (Male) |
| 4:44 | Build | Lumber Camp |
| 4:46 | Create | Villager (Male) |
| 4:57 | Create | Villager (Male) |
| 5:05 | Research | Loom |
| 5:58 | Create | Villager (Male) |
| 5:59 | Research | Loom |
| 7:05 | Research | Feudal Age |
| 7:05 | Research | Feudal Age |
| 7:25 | Build | Lumber Camp |
| 7:45 | Build | House |
| 7:46 | Build | Palisade Wall |
| 7:46 | Build | Palisade Wall |
| 7:47 | Build | Palisade Wall |
| 8:00 | Build | House |
| 8:02 | Build | Palisade Wall |
| 8:28 | Build | Barracks |
| 9:05 | Build | Palisade Wall |
| 9:08 | Create | Villager (Male) |
| 9:16 | Age | Feudal Age |
| 9:24 | Build | Archery Range |
| 9:28 | Research | Double-Bit Axe |
| 9:29 | Research | Double-Bit Axe |
| 9:31 | Create | Villager (Male) |
| 9:38 | Research | Horse Collar |
| 9:38 | Research | Horse Collar |
| 9:45 | Create | Villager (Male) |
| 9:58 | Build | House |
| 9:59 | Create | Skirmisher |
| 10:03 | Create | Skirmisher |
| 10:07 | Build | House |
| 10:13 | Create | Villager (Male) |
| 10:16 | Build | Farm |
| 10:22 | Create | Villager (Male) |
| 10:27 | Create | Skirmisher |
| 10:31 | Create | Villager (Male) |
| 10:36 | Build | Farm |
| 10:39 | Create | Villager (Male) |
| 10:44 | Create | Villager (Male) |
| 10:51 | Build | Farm |
| 10:54 | Build | Farm |
| 11:07 | Create | Skirmisher |
| 11:15 | Build | Farm |
| 11:18 | Create | Villager (Male) |
| 11:18 | Create | Villager (Male) |
| 11:18 | Create | Villager (Male) |
| 11:33 | Create | Skirmisher |
| 11:39 | Build | Farm |
| 11:44 | Create | Villager (Male) |
| 11:57 | Create | Villager (Male) |
| 12:05 | Build | Archery Range |
| 12:10 | Create | Villager (Male) |
| 12:13 | Research | Town Watch |
| 12:14 | Research | Town Watch |
| 12:15 | Create | Villager (Male) |
| 12:46 | Build | House |
| 12:51 | Build | Watch Tower |
| 12:58 | Create | Villager (Male) |
| 12:58 | Create | Villager (Male) |
| 13:11 | Create | Villager (Male) |
| 13:19 | Create | Villager (Male) |
| 13:34 | Create | Villager (Male) |
| 13:51 | Build | Blacksmith |
| 13:54 | Create | Skirmisher |
| 13:54 | Create | Skirmisher |
| 13:56 | Create | Villager (Male) |
| 13:58 | Create | Villager (Male) |
| 14:01 | Create | Villager (Male) |
| 14:04 | Build | Farm |
| 14:07 | Build | Farm |
| 14:13 | Create | Villager (Male) |
| 14:37 | Research | Fletching |
| 14:37 | Create | Villager (Male) |
| 14:44 | Build | Farm |
| 14:44 | Create | Villager (Male) |
| 14:46 | Create | Skirmisher |
| 14:46 | Create | Skirmisher |
| 14:48 | Create | Villager (Male) |
| 15:00 | Create | Villager (Male) |
| 15:00 | Create | Villager (Male) |
| 15:13 | Create | Villager (Male) |
| 15:16 | Build | Farm |
| 15:17 | Create | Villager (Male) |
| 15:24 | Build | Mining Camp |
| 15:31 | Build | House |
| 15:34 | Create | Villager (Male) |
| 15:39 | Create | Skirmisher |
| 15:39 | Create | Skirmisher |
| 15:44 | Build | Farm |
| 16:01 | Create | Villager (Male) |
| 16:02 | Create | Villager (Male) |
| 16:03 | Build | House |
| 16:10 | Create | Villager (Male) |
| 16:32 | Create | Villager (Male) |
| 16:39 | Build | House |
| 16:45 | Build | Palisade Wall |
| 16:53 | Create | Villager (Male) |
| 16:59 | Create | Villager (Male) |
| 17:21 | Create | Villager (Male) |
| 17:34 | Research | Padded Archer Armor |
| 17:34 | Create | Villager (Male) |
| 17:39 | Create | Villager (Male) |
| 17:41 | Create | Villager (Male) |
| 17:43 | Create | Skirmisher |
| 18:01 | Create | Skirmisher |
| 18:02 | Create | Skirmisher |
| 18:09 | Create | Villager (Male) |
| 18:09 | Create | Villager (Male) |
| 18:16 | Create | Villager (Male) |
| 18:34 | Build | Farm |
| 18:41 | Create | Villager (Male) |
| 18:45 | Create | Villager (Male) |
| 18:46 | Create | Villager (Male) |
| 18:47 | Create | Villager (Male) |
| 18:47 | Create | Villager (Male) |
| 18:57 | Create | Spearman |
| 18:57 | Create | Spearman |
| 18:57 | Create | Spearman |
| 18:59 | Create | Villager (Male) |
| 19:00 | Create | Villager (Male) |
| 19:02 | Build | Palisade Wall |
| 19:04 | Build | Palisade Wall |
| 19:05 | Build | Palisade Wall |
| 19:05 | Build | Palisade Wall |
| 19:12 | Create | Villager (Male) |
| 19:12 | Create | Villager (Male) |
| 19:13 | Build | House |
Match timeline
| 6:43 | jsemosoom · wall_segment Palisade Wall x1 |
| 6:50 | jsemosoom · first_building Barracks |
| 7:46 | LE | WilliamS · wall_segment Palisade Wall x1 |
| 7:46 | LE | WilliamS · wall_segment Palisade Wall x1 |
| 7:47 | LE | WilliamS · wall_segment Palisade Wall x1 |
| 8:02 | LE | WilliamS · wall_segment Palisade Wall x4 |
| 8:28 | LE | WilliamS · first_building Barracks |
| 9:05 | LE | WilliamS · wall_segment Palisade Wall x7 |
| 9:16 | LE | WilliamS · age_up feudal |
| 9:22 | jsemosoom · age_up feudal |
| 9:24 | LE | WilliamS · first_building Archery Range |
| 15:38 | jsemosoom · first_building Stable |
| 16:45 | LE | WilliamS · wall_segment Palisade Wall x1 |
| 19:02 | LE | WilliamS · wall_segment Palisade Wall x1 |
| 19:04 | LE | WilliamS · wall_segment Palisade Wall x1 |
| 19:05 | LE | WilliamS · wall_segment Palisade Wall x1 |
| 19:05 | LE | WilliamS · wall_segment Palisade Wall x1 |
| 19:14 | LE | WilliamS · wall_segment Palisade Wall x1 |
| 23:11 | LE | WilliamS · first_market_sell 100 wood |
| 23:11 | LE | WilliamS · first_market_buy 100 food |
| 23:11 | jsemosoom · wall_segment Palisade Wall x1 |
| 23:13 | jsemosoom · wall_segment Palisade Wall x1 |
| 26:00 | LE | WilliamS · wall_segment Palisade Wall x1 |
| 26:01 | LE | WilliamS · wall_segment Palisade Wall x1 |
| 26:14 | LE | WilliamS · first_building Stable |
| 27:37 | LE | WilliamS · age_up castle |
| 27:44 | LE | WilliamS · first_building Siege Workshop |
| 28:56 | LE | WilliamS · wall_segment Palisade Wall x1 |
| 29:31 | jsemosoom · wall_segment Palisade Wall x1 |
| 29:31 | jsemosoom · wall_segment Palisade Wall x1 |
| 30:06 | jsemosoom · wall_segment Palisade Wall x1 |
| 30:06 | jsemosoom · wall_segment Palisade Wall x1 |
| 34:08 | jsemosoom · resign |
[ AI ANALYSIS · 1 CREDIT ]
What really happened in this match?
Wolo.gg analyzes every decision: build order, eco, micro, common mistakes by bracket. Personalized analysis on WhatsApp or Discord in 30 seconds.
Civ guide
Teutons
Perfil
Jugador #2388792